 BcadrenCrawl: Boulder Brew version 0.06-688-g08e91b2d95 (webtiles) character file.

Game seed: 10068115135606072005

95 Leeroy the Skirmisher (level 4, -4/59 HPs) Immature Draconian Warper. Began on Jan 21, 2023. Slain by a sewer rat (6 damage) ... on level 2 of the Dungeon. The game lasted 00:03:06 (1679 turns).

Leeroy the Skirmisher (Immature Draconian Warper)   Turns: 1679, Time: 00:03:07

Health: -4/59      AC:  6    Str: 14    XL:     4 ^: 59
Magic:  6/9        EV: 11    Int: 14    God:
Gold:   56         SH:  0    Dex: 10    Spells: 8/10 levels left

rFire    . . .     Slash    +   a - +0 falchion
rCold    . . .     Pierce   x   (no weapon)
rNeg     . . .     Bludgeon .   (armour unavailable)
rCorr    . . .     Vision   .   (helmet restricted)
rPois    .         Gourm    .   (no cloak)
rElec    .         Faith    .   (no gloves)
MR       .....     Spirit   .   (no boots)
HPRegen  0.29/turn Reflect  .   (no amulet)
MPRegen  0.19/turn Harm     .   (no ring)
Stlth    +.........             (no ring)

@: lethally poisoned (-4 -> -5), very slightly contaminated, drained
A: deformed body 2, cold-blooded, draconic flesh, AC +6
a: Breathe Dart


You were on level 2 of the Dungeon.
You were hungry.

You visited 1 branch of the dungeon, and saw 2 of its levels.

You collected 56 gold pieces.

Inventory:

Weapons
 a - a +0 falchion (weapon) Shields
 j - a cursed +0 heater shield of positive energy {(Curse: MR-)}
Jewellery
 e - a cursed ring of fire {(Curse: *Drain)}
Scrolls
 b - a scroll of teleportation
 g - 2 scrolls of magic mapping
 h - a scroll of immolation
 i - a scroll of summoning
Comestibles
 d - 2 rations


   Skills:
 * Level 3.8(2.8) Fighting
 - Level 2.1(1.2) Long Blades
 - Level 1.5(0.6) Dodging
 + Level 3.5(2.4) Spellcasting
 - Level 3.0(2.0) Translocations


You had 8 spell levels left.
You knew the following spells:

 Your Spells              Type           Power        Failure   Level  Hunger
a - Blink                 Tloc           N/A          14%         2    46-86

Your spell library contained the following spells:

 Spells                   Type           Power        Failure   Level  Hunger
 Shroud of Golubria Chrm/Tloc 4 (200) 22% 2 46-86 Teleport Other Hex/Tloc 4 (100) 41% 3 86-146 Passage of Golubria Tloc N/A 67% 4 166-266 Force Lance Tloc/Air 4 (200) 83% 4 166-266 Force Lasso Tloc/Erth      4 (200)      83%         4    166-266


Dungeon Overview and Level Annotations

Branches:
Dungeon (2/8)

Altars:


Innate Abilities, Weirdness & Mutations

Your plain brown scales are resilient. (AC +6)
You can breathe rudimentary magical darts.
You cannot wear any armour on your peculiar form.
You are cold-blooded and are slowed more easily by cold attacks.
Your scales resist being cut, but it's oddly easy to stick a small blade between them. (rSlashing+, rPiercing-)


Message History

Press: ? - help, Dir - move target cursor
As you read the scroll of blinking, it crumbles to dust.
An adder skeleton comes into view.
You barely miss the sewer rat. You hit the sewer rat but do no damage.
Your tail-slap misses the sewer rat.
The sewer rat is healthy. (11/11) HP
* * * LOW HITPOINT WARNING * * *
You feel sick. (1)
The sewer rat barely misses you.
You fails an attempted riposte.
You riposte.
You barely miss the sewer rat. You hit the sewer rat (3).
It is lacerated severely!
You barely miss the sewer rat.
The sewer rat is moderately wounded. (8/11) HP The sewer rat bites you but does no damage.
The sewer rat barely misses you.
You hit the sewer rat (4).
It is lacerated severely!
You hit the sewer rat but do no damage.
The sewer rat is severely wounded. (4/11) HP The sewer rat bites you (6).
You are perforated ruthlessly!
You die...

..≈P≈≈ #..≈≈≈ #≈≈≈P≈P
#≈≈P≈P≈ #bPP≈≈P#
##≈Pr≈≈≈#
#######.≈≈P≈≈≈########
PP≈≈≈≈≈≈..≈PPP≈r@.≈≈≈≈≈.
≈≈P≈≈≈≈≈≈.≈≈Sr.rZ≈≈≈≈≈≈≈
≈PPPPP≈≈....rr≈.≈≈≈≈≈≈≈≈
≈P≈PPPP≈.≈s≈≈≈≈.≈≈≈≈...P
P≈≈§§Plw..lJ≈≈≈≈≈≈≈≈≈≈..
PP§≈P§PS≈w≈≈≈≈P≈≈≈≈≈≈b.≈
.PP≈PP.≈≈≈≈≈≈≈PPPPP≈≈≈.P
.P<..P....≈≈≈b≈P≈≈P≈≈≈P.
###..####≈≈≈≈≈PP#


You could see a worm, a jelly, a submerged cinder newt, an adder, 6 submerged
sewer rats, a giant cockroach and a submerged adder skeleton.

Vanquished Creatures
  3 giant cockroaches (D:1)
  2 adders (D:1)
  A cinder newt (D:1)
  A leopard gecko (D:1)
  7 bats
  3 goblins (D:1)
  4 hobgoblins (D:1)
  5 kobolds (D:1)
  5 rats (D:1)
31 creatures vanquished.

Vanquished Creatures (others)
  16 withered plants (D:2)
16 creatures vanquished.

Grand Total: 47 creatures vanquished

Notes
Turn   | Place    | Note
-------+----------+-------------------------------------------
     0 | D:1      | Leeroy the Immature Draconian Warper began the quest for
                  | the Orb.
     0 | D:1      | Reached XP level 1. HP: 29/29 MP: 4/4
     3 | D:1      | Learned a level 2 spell: Blink
   145 | D:1      | Reached XP level 2. HP: 14/39 MP: 5/5
   161 | D:1      | HP: 1/39 [poisoned by an adder]
   169 | D:1      | HP: 1/39 [poisoned by an adder]
   732 | D:1      | Reached XP level 3. HP: 48/49 MP: 7/7
  1002 | D:1      | Reached XP level 4. HP: 58/59 MP: 8/8
  1675 | D:2      | HP: 1/59 [sewer rat (4)]
  1679 | D:2      | Slain by a sewer rat

Illustrated notes

Levels and vault maps discovered:
D:1:      elethiomel_arrival_maze, layout_basic
D:2:      layout_sewer, nicolae_ru_sacrificial_ziggurat, lemuel_round_altar,
          lemuel_crystal_altar, grunt_decor_cap, minivault_10,
          minmay_heptomino_h4

Skill      XL: |  1  2  3 |
---------------+----------+-----
Long Blades    | 2 |  2.1
Translocations | 3 |  3.0
Spellcasting   | 3 |  3.5
Fighting       | 3 |  3.8
Dodging        | |  1.5

Action                   |  1- 3 |  4- 6 || total
-------------------------+-------+-------++-------
Melee: Falchion          |    46 |    20 ||    66
       Unarmed           |    26 |    16 ||    42
       Peck              |     5 |     1 ||     6
 Cast: Blink             |       |     1 ||     1
  Use: Scroll            |       |     1 ||     1
 Stab: Sleeping          |     2 |       ||     2
  Eat: Chunk             |       |     2 ||     2
Armor: Skin              |    15 |    17 ||    32
Dodge: Dodged            |    18 |     6 ||    24
       Rpst.: Falchion   |     3 |     1 ||     4
